 Dungeon Crawl Stone Soup version 0.22-a0-293-gc9362ec (webtiles) character file.

54045 matakusis the Convoker (level 14, -10/68 HPs)
             Began as a Deep Elf Summoner on Mar 24, 2018.
             Was a High Priest of Sif Muna.
             Mangled by a tyrant leech (24 damage)
             ... on level 3 of the Swamp on Mar 25, 2018.
             The game lasted 02:57:26 (24526 turns).

matakusis the Convoker (Deep Elf Summoner)         Turns: 24526, Time: 02:57:27

Health: -10/68     AC:  6    Str:  4 (5)  XL:     14   Next: 33%
Magic:  21/44      EV: 13    Int: 27 (31) God:    Sif Muna [*****.]
Gold:   1346       SH:  0    Dex: 14 (15) Spells: 4/44 levels left

rFire    + + +     SeeInvis .   L - staff of air
rCold    + + .     Gourm    +   (no shield)
rNeg     . . .     Faith    .   B - +3 leather armour {rF+}
rPois    .         Spirit   .   K - +2 hat
rElec    +         Reflect  .   h - scarf {rC+ rF+}
rCorr    .         Harm     .   (no gloves)
MR       +....                  (no boots)
Stlth    +++.......             i - amulet of the gourmand
HPRegen  0.21/turn              Y - ring of magical power
MPRegen  0.29/turn              E - ring of the Illusory Shrikes {rF+ rC+ Int+5 Stlth+}

@: no status effects
A: talons 1, repulsion field 1, deformed body, deterioration 1
a: Divine Energy, Channel Magic, Forget Spell, Renounce Religion


You were on level 3 of the Swamp.
You worshipped Sif Muna.
Sif Muna was extremely pleased with you.
You were full.

You visited 4 branches of the dungeon, and saw 21 of its levels.
You also visited: Bailey and Ice Cave.

You collected 1346 gold pieces.

Inventory:

Missiles
 e - 188 arrows
Armour
 h - a scarf of resistance (worn)
 s - the +3 leather armour "Xassea" {+Fly rF+ rC-}
   (You found it on level 2 of the Lair of Beasts)

   It protects you from fire.
   It makes you vulnerable to cold.
   It lets you fly.
 B - a +3 leather armour of fire resistance (worn)
 K - a +2 hat (worn)
Magical Staves
 l - an uncursed staff of energy
 p - an uncursed staff of fire
 D - an uncursed staff of cold
 L - an uncursed staff of air (weapon)
 R - an uncursed staff of death
Jewellery
 i - an amulet of the gourmand (around neck)
 q - an uncursed ring of protection from magic
 A - an uncursed ring of see invisible
 E - the ring of the Illusory Shrikes (right hand) {rF+ rC+ Int+5 Stlth+}
   (You found it on level 9 of the Dungeon)

   [ring of protection from fire]

   It affects your intelligence (+5).
   It protects you from fire.
   It protects you from cold.
   It makes you more stealthy.
 W - an uncursed ring of positive energy
 Y - a ring of magical power (left hand)
Wands
 r - a wand of acid (6)
 v - a wand of scattershot (2)
 x - a wand of flame (51)
 z - a wand of paralysis (33)
 C - a wand of enslavement (15)
 F - a wand of iceblast (11)
 I - a wand of digging (16)
 Q - a wand of disintegration (16)
Scrolls
 d - 3 scrolls of amnesia
 f - 2 scrolls of fear
 g - a scroll of remove curse
 k - a scroll of magic mapping
 n - 3 scrolls of enchant armour
 G - 4 scrolls of immolation
 N - 8 scrolls of enchant weapon
 O - 9 scrolls of teleportation
 P - 3 scrolls of summoning
 T - 6 scrolls of identify
 X - a scroll of fog
Potions
 a - 3 potions of ambrosia
 b - 3 potions of might
 j - 12 potions of curing
 m - a potion of resistance
 t - 2 potions of heal wounds
 u - 3 potions of flight
 w - 2 potions of agility
 H - a potion of haste
 J - 4 potions of brilliance
 M - a potion of lignification
 S - 2 potions of invisibility
 V - 2 potions of cancellation
Comestibles
 c - 33 rations


   Skills:
 - Level 2.4 Dodging
 - Level 2.4 Stealth
   Level 1.0 Shields
 + Level 15.7 Spellcasting
 * Level 5.5 Hexes
 + Level 0.2 Charms
 * Level 18.2 Summonings
 - Level 10.0 Ice Magic
 - Level 3.0 Air Magic
 + Level 6.4 Earth Magic
 + Level 3.6 Poison Magic


You had 4 spell levels left.
You knew the following spells:

 Your Spells              Type           Power        Failure   Level  Hunger
a - Summon Demon          Summ           #######...   1%          5    None
b - Summon Hydra          Summ           #######...   1%          7    #####..
c - Summon Ice Beast      Ice/Summ       #######.     1%          4    None
d - Summon Lightning Spi  Summ/Air       #######.     1%          4    None
e - Metabolic Englaciati  Hex/Ice        ######....   4%          5    None
f - Lee's Rapid Deconstr  Erth           ######....   9%          5    None
g - Ozocubu's Armour      Chrm/Ice       #####...     1%          3    None
h - Recall                Summ/Tloc      N/A          1%          3    None
i - Olgreb's Toxic Radia  Pois           #####...     10%         4    None


Dungeon Overview and Level Annotations

Branches:
Dungeon (11/15)            Temple (1/1) D:5            Lair (6/6) D:8
  Swamp (3/4) Lair:2       Spider (0/4) Lair:3        Slime (0/5) Lair:6
    Orc: D:9-12

Altars:
Ashenzari
Cheibriados
Dithmenos
Elyvilon
Fedhas
Gozag
Hepliaklqana
Kikubaaqudgha
Makhleb
Nemelex Xobeh
Okawaru
Qazlal
Ru
Sif Muna
Trog
Uskayaw
Vehumet
Wu Jian
Xom
Yredelemnul
Zin
The Shining One
Jiyva

Shops:
D:7 (   D:11 (

Annotations:
D:8 Grum
D:11 Josephine, Sonja


Innate Abilities, Weirdness & Mutations

You have sharp toenails.
You are surrounded by a mild repulsion field. (EV +2)
Armour fits poorly on your strangely shaped body.
Your body sometimes deteriorates upon taking damage.


Message History

The alligator bites you! The alligator closely misses you.
The alligator puts on a burst of speed!
Your ice beast barely misses the alligator.
Your lightning spire shoots out a bolt of lightning at the alligator!
The bolt of electricity hits the alligator.
The alligator dies!
Sif Muna accepts your kill.
Casting: Summon Ice Beast (safe; 1% risk of failure)
Confirm with . or Enter, or press ? or * to list all spells.
You open a gate to Pandemonium!
A demon appears!
Your ice beast hits the alligator.
Your ice beast freezes the alligator!
The alligator seems to slow down.
The alligator bites you!!
* * * LOW HITPOINT WARNING * * *
The alligator tail-slaps you!
* * * LOW HITPOINT WARNING * * *
Your ice beast closely misses the alligator.
You feel much better.
Your ice beast hits the alligator but does no damage.
The tyrant leech bites you!!
You die...

≈≈≈≈?≈. ≈≈..≈♣♣
≈ .≈≈≈.♣♣≈≈..
≈≈....≈≈≈. ..≈
[.)..
♣.♣♣≈≈≈≈≈.
♣<8≈≈≈....♣
♣w♣≈≈♣≈≈♣≈♣
♣@.≈.♣♣≈≈≈♣
♣3tY≈≈≈≈≈≈♣
♣>Y≈≈≈≈≈≈≈♣
♣♣≈≈.≈≈≈≈.♣
♣.≈≈.≈≈≈≈♣♣
♣..≈.≈≈≈≈≈♣
♣..≈..§≈≈.♣♣
♣≈≈≈≈≈≈≈≈≈≈♣♣♣
♣....[.≈≈W≈≈.♣♣


You could see an alligator, a tyrant leech, a friendly soul eater, 2 friendly
ice beasts and a friendly lightning spire.

Vanquished Creatures
  A wolf (Lair:2)
  2 orc wizards
  A giant cockroach (D:2)
  2 hobgoblins
  A frilled lizard (D:2)
  A quokka skeleton (D:4)
8 creatures vanquished.

Vanquished Creatures (collateral kills)
  Rupert (Lair:3)
  Gastronok (D:10)
  An orc warlord (D:10)
  The ghost of tilp the Impaler, a journeyman MfIE of Makhleb (Lair:3)
  3 catoblepae (Lair:6)
  15 hydras
  Erica (D:8)
  8 alligators
  A two-headed ogre (D:8)
  8 death yaks (Lair:6)
  A spriggan druid (Swamp:2)
  Pikel (D:9)
  A shambling mangrove (Swamp:2)
  A lindwurm (shapeshifter) (D:9)
  An obsidian statue (D:8)
  2 swamp dragons (Swamp:1)
  2 necromancers
  4 orc knights (Bailey)
  2 manticores (Lair:6)
  An orb spider (Lair:3)
  A cyclops (D:9)
  5 black mambas
  9 elephants
  3 ice statues (IceCv)
  Maurice (D:10)
  Joseph (D:8)
  Psyche (D:11)
  A gargoyle (D:11)
  2 torpor snails
  17 spiny frogs
  A centaur skeleton (D:11)
  2 rime drakes
  2 komodo dragons
  3 polar bears
  9 ice devils
  A troll (D:9)
  3 hornets
  2 tyrant leeches
  Prince Ribbit (D:7)
  3 bog bodies (Swamp:1)
  24 blink frogs
  9 dream sheep
  10 hippogriffs
  2 spriggans (Swamp:2)
  50 yaks
  Eustachio (D:4)
  3 vampire mosquitoes (D:11)
  A hungry ghost (D:10)
  Menkaure (D:7)
  18 wargs (D:10)
  10 swamp worms
  Edmund (D:5)
  17 water moccasins
  Duvessa (D:6)
  A swamp drake (Swamp:2)
  2 hell hounds (D:8)
  5 porcupines
  2 slaves (D:9)
  3 black bears
  17 orc warriors
  An eye of draining (D:9)
  3 ice beasts
  2 sky beasts (D:5)
  A phantom (D:7)
  A necrophage (D:8)
  2 centaurs
  24 wolves
  11 ogres
  8 crocodiles
  4 big kobolds
  15 bullfrogs
  Dowan (D:6)
  2 scorpions
  11 killer bees
  3 wights (D:11)
  2 howler monkeys
  3 electric eels (Lair:5)
  6 crimson imps
  A centaur zombie (D:10)
  6 jellies
  2 bullfrog zombies (D:10)
  3 draconian simulacra (IceCv)
  A quasit (D:6)
  11 orc priests
  A bullfrog skeleton (D:5)
  8 hounds
  7 orc wizards
  Crazy Yiuf (D:3)
  5 iguanas
  2 hell rats (Lair:3)
  2 polar bear simulacra (Lair:2)
  9 worker ants
  2 yak simulacra (Lair:2)
  A spriggan simulacrum (IceCv)
  2 troll simulacra (IceCv)
  4 wolf simulacra (Lair:2)
  A hound zombie (D:5)
  3 ogre simulacra (IceCv)
  8 river rats (Lair:3)
  8 adders
  3 gnolls (D:7)
  A naga simulacrum (IceCv)
  A shadow imp (D:6)
  2 oozes
  2 adder zombies
  2 worms
  2 dart slugs
  6 leopard geckos
  90 orcs
  6 ball pythons
  2 bats
  2 giant cockroaches (D:3)
  7 goblins
  7 hobgoblins
  8 jackals
  2 quokkas
  5 frilled lizards
  A jackal zombie (D:6)
  16 kobolds
  A quokka skeleton (D:7)
  3 rats
  3 river rat simulacra (Lair:2)
  4 fungi
  2 plants
668 creatures vanquished.

Vanquished Creatures (others)
  A bullfrog (D:9)
  A bullfrog skeleton (D:9)
  5 fungi
  5 plants
12 creatures vanquished.

Grand Total: 688 creatures vanquished

Notes
Turn   | Place    | Note
-------+----------+-------------------------------------------
     0 | D:1      | matakusis the Deep Elf Summoner began the quest for the Orb.
     0 | D:1      | Reached XP level 1. HP: 10/10 MP: 6/6
   358 | D:1      | Reached XP level 2. HP: 15/15 MP: 4/8
   362 | D:1      | Learned a level 2 spell: Call Imp
   592 | D:1      | Gained mutation: Your flesh is cold resistant. (rC+) [potion of mutation]
   592 | D:1      | Lost mutation: Your flesh is cold resistant. (rC+) [potion of mutation]
   592 | D:1      | Gained mutation: You passively map a small area around you. [potion of mutation]
   592 | D:1      | Gained mutation: You are robust. (+10% HP) [potion of mutation]
   628 | D:2      | Reached skill level 5 in Summonings
   721 | D:2      | Found a sacrificial altar of Ru.
   850 | D:2      | Reached XP level 3. HP: 10/20 MP: 3/9
  1746 | D:3      | Reached XP level 4. HP: 26/26 MP: 5/11
  1757 | D:3      | Learned a level 4 spell: Summon Ice Beast
  1786 | D:3      | Learned a level 4 spell: Summon Lightning Spire
  1808 | D:3      | Found a runed door.
  1812 | D:3      | Noticed Crazy Yiuf
  1815 | D:3      | Killed Crazy Yiuf
  1815 | D:3      | Reached skill level 6 in Summonings
  1870 | D:3      | Lost mutation: You are robust. (+10% HP) [potion of mutation]
  1870 | D:3      | Lost mutation: You passively map a small area around you. [potion of mutation]
  1870 | D:3      | Gained mutation: You have sharp toenails. [potion of mutation]
  1870 | D:3      | Gained mutation: Armour fits poorly on your strangely shaped body. [potion of mutation]
  1870 | D:3      | Gained mutation: Your body sometimes deteriorates upon taking damage. [potion of mutation]
  1870 | D:3      | Gained mutation: You are surrounded by a mild repulsion field. (EV +2) [potion of mutation]
  1881 | D:3      | Found a deep blue altar of Sif Muna.
  1884 | D:3      | Became a worshipper of Sif Muna the Loreminder
  2142 | D:4      | Noticed Eustachio
  2242 | D:4      | Killed Eustachio
  2242 | D:4      | Reached XP level 5. HP: 26/28 MP: 0/13
  2328 | D:4      | Reached skill level 1 in Ice Magic
  2448 | D:4      | Noticed an ogre
  2456 | D:4      | Killed an ogre
  2456 | D:4      | Reached skill level 5 in Spellcasting
  2470 | D:4      | Learned a level 1 spell: Apportation
  2511 | D:4      | Reached XP level 6. HP: 32/32 MP: 2/15
  2672 | D:4      | Found an ancient bone altar of Kikubaaqudgha.
  2709 | D:4      | Found a blossoming altar of Fedhas.
  3090 | D:5      | Entered Level 5 of the Dungeon
  3190 | D:5      | Noticed a sky beast
  3193 | D:5      | Reached * piety under Sif Muna
  3193 | D:5      | Reached skill level 7 in Summonings
  3209 | D:5      | Killed a sky beast
  3246 | D:5      | Found a staircase to the Ecumenical Temple.
  3268 | Temple   | Entered the Ecumenical Temple
  3505 | D:5      | Noticed Edmund
  3514 | D:5      | Killed Edmund
  3656 | D:5      | Reached XP level 7. HP: 36/36 MP: 8/17
  3869 | D:5      | Reached skill level 1 in Air Magic
  4323 | D:6      | Learned a level 5 spell: Lee's Rapid Deconstruction
  4365 | D:6      | Reached skill level 8 in Summonings
  4912 | D:6      | Found a shadowy altar of Dithmenos.
  5037 | D:6      | Found an ornate altar of the Wu Jian Council.
  5179 | D:6      | Noticed Duvessa
  5179 | D:6      | Noticed Dowan
  5190 | D:6      | Killed Duvessa
  5190 | D:6      | Reached skill level 1 in Earth Magic
  5194 | D:6      | Killed Dowan
  5194 | D:6      | Reached ** piety under Sif Muna
  5430 | D:6      | Found a bloodstained altar of Trog.
  5664 | D:7      | Reached XP level 8. HP: 41/41 MP: 5/20
  5722 | D:7      | Noticed Menkaure
  6013 | D:7      | Noticed Prince Ribbit
  6020 | D:7      | Killed Prince Ribbit
  6046 | D:7      | Reached skill level 9 in Summonings
  6070 | D:7      | Found Biloatex's Antique Weapon Shop.
  6082 | D:7      | Learned a level 3 spell: Ozocubu's Armour
  6097 | D:7      | Killed Menkaure
  6102 | D:7      | Reached skill level 5 in Ice Magic
  6279 | D:7      | Found a sacrificial altar of Ru.
  6496 | D:8      | Reached *** piety under Sif Muna
  6536 | D:8      | Found a staircase to the Lair.
  6697 | D:8      | Found a burning altar of Makhleb.
  6698 | D:8      | Found a white marble altar of Elyvilon.
  6718 | D:8      | Found a shadowy altar of Dithmenos.
  6741 | D:8      | Noticed Erica
  6754 | D:8      | Killed Erica
  6754 | D:8      | Reached skill level 10 in Summonings
  6754 | D:8      | Reached XP level 9. HP: 45/45 MP: 7/23
  6836 | D:8      | Noticed an obsidian statue
  6970 | D:8      | Killed an obsidian statue
  7187 | D:8      | Reached **** piety under Sif Muna
  7211 | D:8      | Noticed a two-headed ogre
  7230 | D:8      | Killed a two-headed ogre
  7391 | D:8      | Noticed Joseph
  7408 | D:8      | Killed Joseph
  7450 | D:8      | Noticed Grum
  7576 | D:9      | Reached skill level 11 in Summonings
  7632 | D:9      | Noticed a cyclops
  7663 | D:9      | Killed a cyclops
  7802 | D:9      | Noticed a lindwurm
  7833 | D:9      | Killed a lindwurm
  7833 | D:9      | Reached XP level 10. HP: 20/50 MP: 1/25
  7993 | D:9      | Reached ***** piety under Sif Muna
  7993 | D:9      | Identified Sif Muna's Almanac of Hexes and the Escort (Sif Muna gifted it to you on level 9 of the Dungeon)
  7993 | D:9      | Received a gift from Sif Muna
  8005 | D:9      | Learned a level 3 spell: Recall
  8386 | D:9      | Got a coiled wooden ring
  8387 | D:9      | Identified the ring of the Illusory Shrikes {rF+ rC+ Int+5 Stlth+} (You found it on level 9 of the Dungeon)
  8502 | D:9      | Noticed Pikel
  8511 | D:9      | Killed Pikel
  9027 | D:10     | Entered Level 10 of the Dungeon
  9027 | D:10     | Noticed Gastronok
  9148 | D:10     | Reached skill level 5 in Earth Magic
  9155 | D:10     | Got a shimmering leather armour
  9166 | D:10     | Identified the cursed +0 leather armour of Qugu {rC+ Regen+ Str+4} (You found it on level 10 of the Dungeon)
  9193 | D:10     | Noticed Maurice
  9201 | D:10     | Killed Maurice
  9312 | D:10     | Reached skill level 10 in Spellcasting
  9352 | D:10     | Reached skill level 12 in Summonings
  9467 | D:10     | Noticed an orc warlord
  9547 | D:10     | Killed an orc warlord
 10138 | D:10     | Identified Sif Muna's Grimoire of Arcane Weapons (Sif Muna gifted it to you on level 10 of the Dungeon)
 10138 | D:10     | Received a gift from Sif Muna
 10930 | D:10     | Killed Gastronok
 10930 | D:10     | Reached skill level 13 in Summonings
 10930 | D:10     | Reached XP level 11. HP: 31/54 MP: 12/28
 11048 | D:10     | Identified a scroll of acquirement
 11048 | D:10     | Identified Further Steps in Hermeneutics (You acquired it on level 10 of the Dungeon)
 11199 | D:11     | Noticed Josephine
 11200 | D:11     | Noticed Sonja
 11234 | D:11     | Found Xetil's Antique Weapon Boutique.
 11238 | D:11     | Found a flagged portal.
 11260 | Bailey   | Entered a bailey
 11713 | Bailey   | Noticed an orc knight
 11713 | Bailey   | Noticed an orc knight
 11713 | Bailey   | Noticed an orc knight
 11740 | Bailey   | Killed an orc knight
 11742 | Bailey   | Killed an orc knight
 11967 | Bailey   | Noticed an orc knight
 11985 | Bailey   | Killed an orc knight
 12015 | Bailey   | Killed an orc knight
 12202 | Bailey   | Identified the Grimoire of Creation (You acquired it in a bailey)
 12214 | Bailey   | Learned a level 6 spell: Shadow Creatures
 12289 | D:11     | Noticed a five-headed hydra
 12290 | D:11     | Noticed a two-headed ogre
 12313 | D:11     | Noticed a centaur warrior
 12317 | D:11     | Noticed Psyche
 12480 | D:11     | Killed a five-headed hydra
 12482 | D:11     | Killed Psyche
 12697 | Lair:1   | Entered Level 1 of the Lair of Beasts
 13221 | Lair:1   | Reached skill level 14 in Summonings
 13353 | Lair:1   | Received a gift from Sif Muna
 13672 | Lair:1   | Reached XP level 12. HP: 59/59 MP: 28/30
 13681 | Lair:1   | Learned a level 7 spell: Summon Hydra
 13835 | Lair:2   | Reached skill level 15 in Summonings
 14029 | Lair:2   | Reached skill level 10 in Ice Magic
 14052 | Lair:2   | Noticed an eight-headed hydra
 14061 | Lair:2   | Killed an eight-headed hydra
 14622 | Lair:2   | Found a staircase to the Swamp.
 14805 | Lair:2   | Identified Sif Muna's Reference Book on Assistive Confrontation (Sif Muna gifted it to you on level 2 of the Lair of Beasts)
 14805 | Lair:2   | Received a gift from Sif Muna
 14852 | Lair:2   | Got a fine leather armour
 14864 | Lair:2   | Identified the +3 leather armour "Xassea" {+Fly rF+ rC-} (You found it on level 2 of the Lair of Beasts)
 15307 | Lair:3   | Reached XP level 13. HP: 44/63 MP: 12/32
 15330 | Lair:3   | Found a frozen archway.
 15410 | IceCv    | Entered an ice cave
 16194 | IceCv    | Reached skill level 16 in Summonings
 16292 | IceCv    | Found the +18 shield of the Gong {rElec rN+ MR+ EV-5}
 16828 | Lair:3   | Noticed tilp's ghost (journeyman MfIE)
 16841 | Lair:3   | Killed tilp's ghost
 16979 | Lair:3   | Noticed Rupert
 16988 | Lair:3   | Killed Rupert
 16988 | Lair:3   | Reached skill level 1 in Shields
 17093 | Lair:3   | Found a hole to the Spider Nest.
 18035 | Lair:5   | Identified the Handbook of Malediction and the Arsonist (You acquired it on level 5 of the Lair of Beasts)
 18045 | Lair:5   | Learned a level 5 spell: Metabolic Englaciation
 18252 | Lair:5   | Identified Kiong's Grimoire of Companions (Sif Muna gifted it to you on level 5 of the Lair of Beasts)
 18252 | Lair:5   | Received a gift from Sif Muna
 18263 | Lair:5   | Learned a level 5 spell: Summon Demon
 18328 | Lair:5   | Reached skill level 1 in Hexes
 19303 | Lair:6   | Entered Level 6 of the Lair of Beasts
 19353 | Lair:6   | Got a pitted scale mail
 19364 | Lair:6   | Identified the cursed +1 scale mail of Isuisaebb {MR+ Str+2 Int+4} (You found it on level 6 of the Lair of Beasts)
 19610 | Lair:6   | Reached skill level 17 in Summonings
 19900 | Lair:6   | Identified Sif Muna's Reference Book on Boosting Contamination
 19917 | Lair:6   | Learned a level 4 spell: Olgreb's Toxic Radiance
 19957 | Lair:6   | Found a viscous altar of Jiyva.
 19958 | Lair:6   | Found a staircase to the Slime Pits.
 20093 | Lair:6   | Reached skill level 15 in Spellcasting
 20358 | Lair:6   | Received a gift from Sif Muna
 20581 | Lair:6   | Reached XP level 14. HP: 53/68 MP: 17/35
 21327 | Swamp:1  | Entered Level 1 of the Swamp
 22277 | Swamp:1  | Reached skill level 18 in Summonings
 22700 | Swamp:2  | Reached skill level 5 in Hexes
 23822 | Swamp:2  | HP: 1/68 [spiny frog (22)]
 24135 | Swamp:3  | HP: 1/68 [alligator (14)]
 24525 | Swamp:3  | HP: 1/68 [alligator (13)]
 24526 | Swamp:3  | Mangled by a tyrant leech

Vault maps used:
D:1:      minmay_arrival_plants_in_alcoves, minmay_shallow_snake_nest
D:2:      nicolae_ru_sacrificial_ziggurat
D:3:      lemuel_blue_sif_altar, uniq_crazy_yiuf_cottage
D:4:      kiku_gazebo_garden_becter, fedhas_altar_fruit_tree,
          due_unseen_surprise, uniq_eustachio
D:5:      temple_statues, first_ration, uniq_edmund
D:6:      kennysheep_little_box, hangedman_feature_mirror, uniq_duvessa
D:7:      kennysheep_mini, serial_shops, shop_statue, uniq_menkaure,
          uniq_prince_ribbit1
D:8:      minmay_statue_hallways, nicolae_overflow_hidden_temple,
          minmay_lair_entry_lava, grunt_ogre_cave, uniq_grum, uniq_joseph,
          uniq_erica
D:9:      minmay_the_grid_3x2, uniq_pikel
D:10:     lemuel_castle_with_subvaults, uniq_gastronok, uniq_maurice
D:11:     minmay_tile_spiral, orc_0_dummy, serial_glass, glass_columns_a,
          glass_columns_b, serial_shops, shop_fountains, enter_bailey_3,
          st_stairs_14, uniq_psyche, uniq_sonja, uniq_josephine, uniq_nergalle
Temple:   dpeg_chambers_temple
Lair:1:   grunt_megastairs_3
Lair:2:   minmay_swamp_entry_worms, eino_house_with_fridge
Lair:3:   nicolae_spider_entry_orb_guardian, portal_ice_cave_demonic_guard,
          kennysheep_rathole, lemuel_fruit_fields, uniq_rupert
Lair:5:   serial_bayou_shore_b, grunt_megastairs_5, serial_bayou_shore_a,
          infiniplex_staircase_pool_2
Lair:6:   evilmike_catoblepas_cave, dpeg_slime_entry_enclosed_altar
Swamp:1:  evilmike_swamp_ruin_wall
Swamp:2:  hangedman_swamp_cone
Swamp:3:  evilmike_swamp_ruin_rubble_1, uniq_jorgrun
Bailey:   bailey_polearm_5, bailey
IceCv:    ice_cave_tombish

Skill      XL: |  1  2  3  4  5  6  7  8  9 10 11 12 13 14 |
---------------+-------------------------------------------+-----
Summonings     | 5 6 7 8 10 11 13 14 15 17 18 | 18.2
Spellcasting   | 4 5 6 8 9 11 12 13 15 | 15.7
Ice Magic      | 1 2 4 5 7 8 9 10 | 10.0
Air Magic      | 1 2 3 |  3.0
Earth Magic    | 1 3 4 6 |  6.4
Poison Magic   | 3 |  3.6
Shields        | 1 |  1.0
Hexes          | 4 5 |  5.5
Dodging        | |  2.4
Stealth        | |  2.4
Charms         | |  0.2

Action                   |  1- 3 |  4- 6 |  7- 9 | 10-12 | 13-15 || total
-------------------------+-------+-------+-------+-------+-------++-------
Melee: Unarmed           |     5 |       |       |       |       ||     5
       Short sword       |    11 |       |       |       |       ||    11
       Staff             |       |    14 |    14 |    20 |     4 ||    52
       Kick              |       |     1 |     3 |     2 |     1 ||     7
 Cast: Summon Small Mamm |    21 |       |     1 |       |       ||    22
       Call Imp          |    39 |    12 |     1 |       |       ||    52
       Summon Lightning  |       |    13 |    43 |    92 |   104 ||   252
       Summon Ice Beast  |       |    17 |    63 |   155 |   143 ||   378
       Apportation       |       |     2 |       |       |       ||     2
       Ozocubu's Armour  |       |       |       |     4 |     5 ||     9
       Shadow Creatures  |       |       |       |     2 |     3 ||     5
       Summon Demon      |       |       |       |       |    38 ||    38
       Summon Hydra      |       |       |       |       |    13 ||    13
       Metabolic Englaci |       |       |       |       |     5 ||     5
Evoke: Wand              |       |       |       |     1 |     1 ||     2
  Use: Scroll            |     6 |     2 |     9 |    15 |    11 ||    43
       Potion            |     2 |     1 |     1 |     3 |     8 ||    15
 Stab: Distracted        |       |       |     1 |       |       ||     1
  Eat: Chunk             |     4 |     6 |    10 |    23 |    38 ||    81
       Ration            |       |       |     1 |       |     2 ||     3
Armor: Robe              |     4 |     2 |     9 |       |       ||    15
       Leather armour    |       |       |       |    22 |    38 ||    60
Dodge: Dodged            |    20 |    19 |    60 |    74 |    79 ||   252

Table legend:
 A = Spawn XP
 B = Non-spawn XP
 C = Spawn XP percentage of total XP
 D = Spawn monster count
 E = Non-spawn monster count
 F = Spawn count percentage of total count
 G = Total turns spent on level
                    A         B        C        D         E        F      G
               +---------+---------+-------+---------+---------+-------+---------
         Total |       0 |   62873 |   0.0 |       0 |     668 |   0.0 | 24526
               +---------+---------+-------+---------+---------+-------+---------
           D:1 |       0 |      17 |   0.0 |       0 |      16 |   0.0 |   601
           D:2 |       0 |      36 |   0.0 |       0 |      15 |   0.0 |   933
           D:3 |       0 |      79 |   0.0 |       0 |      15 |   0.0 |   667
           D:4 |       0 |     332 |   0.0 |       0 |      25 |   0.0 |   889
           D:5 |       0 |     419 |   0.0 |       0 |      16 |   0.0 |  1001
           D:6 |       0 |     354 |   0.0 |       0 |      15 |   0.0 |  1476
           D:7 |       0 |     981 |   0.0 |       0 |      41 |   0.0 |   713
           D:8 |       0 |    2202 |   0.0 |       0 |      28 |   0.0 |  1095
           D:9 |       0 |    2388 |   0.0 |       0 |      44 |   0.0 |  1500
          D:10 |       0 |    5257 |   0.0 |       0 |      85 |   0.0 |  2185
          D:11 |       0 |    1678 |   0.0 |       0 |      29 |   0.0 |   468
        Lair:1 |       0 |    2311 |   0.0 |       0 |      22 |   0.0 |  1014
        Lair:2 |       0 |    3900 |   0.0 |       0 |      43 |   0.0 |  1641
        Lair:3 |       0 |    6248 |   0.0 |       0 |      41 |   0.0 |  1026
        Lair:4 |       0 |    2223 |   0.0 |       0 |      13 |   0.0 |   601
        Lair:5 |       0 |    3619 |   0.0 |       0 |      25 |   0.0 |  1443
        Lair:6 |       0 |   14936 |   0.0 |       0 |      90 |   0.0 |  1947
       Swamp:1 |       0 |    5904 |   0.0 |       0 |      22 |   0.0 |  1305
       Swamp:2 |       0 |    3908 |   0.0 |       0 |      17 |   0.0 |  1834
       Swamp:3 |       0 |    1706 |   0.0 |       0 |       5 |   0.0 |    60
        Bailey |       0 |    2005 |   0.0 |       0 |      40 |   0.0 |   957
         IceCv |       0 |    2370 |   0.0 |       0 |      21 |   0.0 |   958
               +---------+---------+-------+---------+---------+-------+---------
